 Dungeon Crawl Stone Soup version 0.29.1-15-g9cfb28693d (webtiles) character file.

Game seed: 9816462349100454003

21 hawla the Digger (level 3, -2/43 HPs)
             Began as a Meteoran Wanderer on Apr 5, 2023.
             Frozen to death by an endoplasm (5 damage)
             ... on level 2 of the Dungeon.
             The game lasted 00:02:35 (145 turns).

hawla the Digger (Meteoran Wanderer)                 Turns: 145, Time: 00:02:36

Health: -2/43      AC: 21    Str: 14    XL:     3   Next: 17%
Magic:  2/6        EV:  2    Int: 14    God:
Gold:   0          SH:  0    Dex: 14    Spells: 3/4 levels left

rFire   . . .      SeeInvis .   a - +0 short sword
rCold   . . .      Faith    .   (no shield)
rNeg    . . .      Spirit   .   (body armour currently unavailable)
rPois   +          Reflect  .   (helmet currently unavailable)
rElec   .          Harm     .   (cloak currently unavailable)
rCorr   .          Rampage  .   (gloves currently unavailable)
Will    .....      NoTele   +   (boots currently unavailable)
Stlth   +.........              (no amulet)
HPRegen 0.14/turn               (no ring)
MPRegen 0.10/turn               (no ring)

@: tree-form (expiring), glowing
A: stationary, stasis, torment immunity, boosted hp, sense surroundings 1,
otherworldly, glowing, explore regen
a: no special abilities


You were on level 2 of the Dungeon.
You were a tree.
You visited 1 branch of the dungeon, and saw 2 of its levels.

Inventory:

Hand Weapons
 a - a +0 short sword (weapon)
Armour
 b - a +0 helmet (melded)
 d - a +0 leather armour (melded)
Scrolls
 g - a scroll of teleportation {unknown}
 h - a scroll of noise {unknown}
Potions
 c - a potion of lignification
 f - 2 potions of haste {unknown}


   Skills:
 + Level 2.2 Fighting
 + Level 1.5 Short Blades
 + Level 0.1 Dodging
 - Level 1.0 Stealth
 + Level 1.4 Spellcasting
 + Level 5.5 Earth Magic
 + Level 1.2 Evocations


You had 3 spell levels left.
You knew the following spells:

 Your Spells              Type           Power      Damage    Failure   Level
a - Sandblast             Erth           32%        2d9       2%          1

Your spell library contained the following spells:

 Spells                   Type           Power      Damage    Failure   Level
 Animate Armour           Summ/Erth      16%        N/A       63%         4
 Leda's Liquefaction      Hex/Erth       4%         N/A       63%         4


Dungeon Overview and Level Annotations

Branches:
Dungeon (2/15) Zot: 1049

Altars:


Innate Abilities, Weirdness & Mutations

You are a tree.
Your roots penetrate the ground, keeping you stationary.
You cannot be teleported.
You are immune to unholy pain and torment.
Your maximum health is greatly increased.
Your equipment is partially melded.
You passively map a small area around you.
You are easily found by Zot.
You glow in the dark.
You regain HP and MP as you explore.


Message History

Increase (S)trength, (I)ntelligence, or (D)exterity?
You feel clever. x2; You feel stronger.
You hit the goblin.
You kill the goblin!
The endoplasm hits you but does no damage.
The endoplasm hits you.
* * * LOW HITPOINT WARNING * * *
Unknown command.
You hit the endoplasm.
The endoplasm is moderately wounded.
The endoplasm freezes you.
You are frozen.
* * * LOW HITPOINT WARNING * * *
The endoplasm barely misses you.
You hit the endoplasm.
You kill the endoplasm!
The endoplasm freezes you.
You are frozen.
* * * LOW HITPOINT WARNING * * *
You hit the goblin.
The goblin is severely wounded.
The endoplasm freezes you.
You are frozen.
* * * LOW HITPOINT WARNING * * *
The goblin hits you but does no damage.
You barely miss the goblin.
The goblin is severely wounded.
The endoplasm hits you but does no damage.
The goblin hits you but does no damage.
You barely miss the goblin.
The goblin is severely wounded.
The endoplasm hits you.
* * * LOW HITPOINT WARNING * * *
The goblin hits you but does no damage.
You closely miss the goblin.
The goblin is severely wounded.
Your transformation is almost over.
The endoplasm freezes you.
You are frozen.
You die...

,, , , ........#
, , * * * ,
....... * *
?..... * *
......, *
#########.... #
#............
.#.##.......Jg#,
.............♣#
#...........).#
..............#,*
.......########
....... ,
.......* * *
...#### ## *, * *


You could see an endoplasm and a goblin (strong).

Vanquished Creatures
  Robin (D:2)
  An endoplasm (D:2)
  A giant cockroach (D:2)
  3 goblins (D:2)
  A quokka (D:2)
  2 frilled lizards (D:2)
  A rat (D:2)
10 creatures vanquished.

Notes
Turn   | Place    | Note
-------+----------+-------------------------------------------
     0 | D:1      | hawla the Meteoran Wanderer began the quest for the Orb.
     0 | D:1      | hawla set off with the following items: a +0 short sword, a
                  | +0 helmet, a potion of lignification, a +0 leather armour;
                  | and the following spell memorised: Sandblast; and the
                  | following spells available to memorise: Animate Armour,
                  | Leda's Liquefaction.
     0 | D:1      | Reached XP level 1. HP: 17/17 MP: 3/3
    60 | D:2      | Reached skill level 5 in Earth Magic
    75 | D:2      | Noticed Robin
    96 | D:2      | Reached XP level 2. HP: 16/24 MP: 1/5
   138 | D:2      | Killed Robin
   139 | D:2      | Reached XP level 3. HP: 11/29 MP: 1/6
   145 | D:2      | Frozen to death by an endoplasm

Illustrated notes

Levels and vault maps discovered:
D:1:      minmay_arrival_diagonal_passages, layout_rooms,
          chequers_ecumenical_altar_island
D:2:      minmay_spotlight, layout_basic, uniq_robin, uniq_terence

Skill      XL: |  1 |
---------------+----+-----
Earth Magic    | 5 |  5.5
Fighting       | |  2.2
Short Blades   | |  1.5
Dodging        | |  0.1
Stealth        | |  1.0
Spellcasting   | |  1.4
Evocations     | |  1.2

Action                   || total
-------------------------++-------
Melee: Short sword       ||    38
 Cast: Sandblast         ||     7
  Use: Potion            ||     2
Armor: Leather armour    ||     8
       Skin              ||    26
Dodge: Dodged            ||    20
